 Dungeon Crawl Stone Soup version 0.31.0-12-g77e489cdc1 (webtiles) character file.

Game seed: 898455119963135412

55 Silvore the Covered (level 3, -9/29 HPs)
             Began as a Demonspawn Fighter on Feb 15, 2024.
             Killed by divine providence
             ... invoked by an orc priest
              (10 damage)
             ... on level 3 of the Dungeon.
             The game lasted 00:01:54 (2003 turns).

Silvore the Covered (Demonspawn Fighter)            Turns: 2003, Time: 00:01:56

Health: -9/29      AC: 12    Str: 18    XL:     3   Next: 67%
Magic:  3/3        EV:  2    Int:  8    God:
Gold:   145        SH:  4    Dex: 12    Spells: 2/2 levels left

rFire   . . .        a - +0 long sword
rCold   . . .        c - +0 buckler
rNeg    . . .        e - +0 plate armour
rPois   .            (no helmet)
rElec   .            (no cloak)
rCorr   .            (no gloves)
SInv    .            f - +0 pair of boots
Will    .....        (no amulet) Stlth
                     (no ring)
HPRegen 0.24/turn    (no ring)
MPRegen 0.08/turn

%: no passive effects
@: constricted
A: hooves 1, ignite blood 1
a: no special abilities


You were on level 3 of the Dungeon.
You visited 1 branch of the dungeon, and saw 3 of its levels.

You collected 145 gold pieces.

Inventory:

Hand Weapons
 a - a +0 long sword (weapon)
Armour
 b - a +0 scale mail
 c - a +0 buckler (worn)
 e - a +0 plate armour (worn)
 f - a +0 pair of boots (worn)
Wands
 l - a wand of digging (8)
Scrolls
 h - a scroll of teleportation
 j - a scroll of amnesia
Potions
 d - a potion of might
 k - a potion of brilliance {unknown}
 n - 2 potions of enlightenment


   Skills:
 + Level 3.2 Fighting
 + Level 2.7 Long Blades
 + Level 3.3 Armour
 + Level 0.1 Stealth
 + Level 2.9 Shields


You had 2 spell levels left.
You didn't know any spells.
Your spell library was empty.

Dungeon Overview and Level Annotations

Branches:
Dungeon (3/15)

Altars:
Sif Muna

Shops:
D:2 !


Innate Abilities, Weirdness & Mutations

You have large cloven feet.
Your demonic aura sometimes causes spilled blood to erupt in flames.


Message History

The hobgoblin hits you but does no damage.
The orc hits you but does no damage. You block the hobgoblin's attack.
The orc hits you but does no damage.
You hit the hobgoblin.
The hobgoblin is moderately wounded.
The ball python bites you but does no damage.
The ball python barely misses you. The orc hits you but does no damage.
The hobgoblin is engulfed in blazing flames.
You kill the hobgoblin!
The ball python bites you but does no damage.
The ball python grabs you. The ball python constricts you.
You hit the orc.
The orc is severely wounded.
The ball python barely misses you. The ball python constricts you.
The orc hits you but does no damage.
The ball python bites you but does no damage.
The ball python constricts you. The orc hits you but does no damage.
You hit the orc.
You kill the orc!
The ball python bites you but does no damage.
The ball python constricts you.
You escape the ball python's grasp.
The orc priest invokes the aid of Beogh against you.
Beogh smites you!
* * * LOW HITPOINT WARNING * * *
You see here a +0 mace.
You hit the ball python.
You kill the ball python!
The ball python barely misses you. The ball python grabs you.
The ball python constricts you.
* * * LOW HITPOINT WARNING * * *
Unknown command.
The ball python's grasp on you weakens, but your attempt to escape fails.
The ball python bites you.
* * * LOW HITPOINT WARNING * * *
The ball python constricts you.
* * * LOW HITPOINT WARNING * * *
The orc priest mumbles some strange prayers to Beogh against you.
Beogh smites you!
You die...

#.............
#...#....>...#
#...#........#
.............
.[..........
####o#.S......#
####....##..#
#......S#.######
#.##.#.@°........
#.##.#.##.## #.
#.#.# .. ... .
... ....## #...
....# ####......
#####


You could see an orc priest and a ball python.

Vanquished Creatures
  2 adders (D:2)
  A ribbon worm (D:2)
  2 orcs (D:3)
  4 ball pythons
  2 endoplasms
  A giant cockroach (D:1)
  5 goblins
  3 hobgoblins
  A kobold (D:2)
  3 bats (D:2)
  3 frilled lizards
  5 rats
32 creatures vanquished.

Notes
Turn   | Place    | Note
-------+----------+-------------------------------------------
     0 | D:1      | Silvore the Demonspawn Fighter began the quest for the Orb.
     0 | D:1      | Reached XP level 1. HP: 18/18 MP: 1/1
   454 | D:1      | Gained mutation: You have large cloven feet. [demonic
                  | ancestry]
   454 | D:1      | Reached XP level 2. HP: 24/24 MP: 2/2
   884 | D:1      | Found a faded altar of an unknown god.
   887 | D:1      | Prayed at the altar of an unknown god.
   887 | D:1      | Became a worshipper of Sif Muna the Loreminder
   887 | D:1      | Reached * piety under Sif Muna
   888 | D:1      | Fell from the grace of Sif Muna
  1249 | D:2      | Gained mutation: Your demonic aura sometimes causes spilled
                  | blood to erupt in flames. [demonic ancestry]
  1249 | D:2      | Reached XP level 3. HP: 29/29 MP: 3/3
  1364 | D:2      | Found Yxzygeo's Distillery.
  2003 | D:3      | HP: 1/29 [constriction (1)]
  2003 | D:3      | Killed from afar by an orc priest

Illustrated notes

Levels and vault maps discovered:
D:1:      dpeg_arrival_renting, layout_basic,
          hellmonk_ecumenical_altar_inner_sanctum
D:2:      layout_basic, serial_shops, nicolae_shop_tiny_glass
D:3:      layout_loops_cross, chequers_garden, st_stairs_5

Skill      XL: |  1  2 |
---------------+-------+-----
Long Blades    | 2 |  2.7
Armour         | 3 |  3.3
Fighting       | |  3.2
Stealth        | |  0.1
Shields        | |  2.9

Action                     || total
---------------------------++-------
  Melee: Long sword        ||    89
 Invoke: Renounce Religion ||     1
    Use: Scroll            ||     8
 Armour: Scale mail        ||    26
         Plate armour      ||    55
  Dodge: Dodged            ||    41
  Block: Buckler           ||    28
